 Dungeon Crawl Stone Soup version 0.30-a0-5-g3a90980b9d (webtiles) character file.

Game seed: 8555290592352239564

106 BritishOli the Trooper (level 4, 22/37 HPs)
             Began as a Demonspawn Fighter on Aug 22, 2022.
             Got out of the dungeon alive.
             The game lasted 00:01:22 (1389 turns).

BritishOli the Trooper (Demonspawn Fighter)         Turns: 1389, Time: 00:01:22

Health: 22/37      AC:  8    Str: 18    XL:     4   Next: 55%
Magic:  4/4        EV:  9    Int: 12    God:
Gold:   28         SH:  4    Dex: 12    Spells: 3/3 levels left

rFire   . . .      SeeInvis .    a - +0 long sword
rCold   . . .      Faith    .    c - +0 buckler
rNeg    . . .      Spirit   .    b - +0 scale mail
rPois   .          Reflect  .    k - +2 hat
rElec   .          Harm     .    (no cloak)
rCorr   +          Rampage  .    (no gloves)
Will    .....                    (no boots)
Stlth   ..........               (no amulet)
HPRegen 0.12/turn                o - ring of resist corrosion
MPRegen 0.09/turn                (no ring)

@: no status effects
A: powered by pain 1, big brain 1, weakness stinger 1
a: no special abilities


You escaped.
You visited 1 branch of the dungeon, and saw 2 of its levels.

You collected 28 gold pieces.

Inventory:

Hand Weapons
 a - a +0 long sword (weapon)
Armour
 b - a +0 scale mail (worn)
 c - a +0 buckler (worn)
 k - a +2 hat (worn)
Jewellery
 o - a ring of resist corrosion (left hand)
Scrolls
 f - a scroll of acquirement {unknown}
 g - a scroll of fear {unknown}
 h - a scroll of torment {unknown}
 j - a scroll of poison {unknown}
 m - a scroll of silence {unknown}
 n - a scroll of teleportation {unknown}
 p - a scroll of identify {unknown}
 q - a scroll of enchant armour {unknown}
Potions
 d - a potion of might
 e - 2 potions of degeneration {unknown}
 i - a potion of curing {unknown}
 l - a potion of magic {unknown}


   Skills:
 + Level 3.7 Fighting
 + Level 2.6 Long Blades
 + Level 3.3 Armour
 + Level 3.3 Shields


You had 3 spell levels left.
You didn't know any spells.
Your spell library was empty.

Dungeon Overview and Level Annotations

Branches:
Dungeon (2/15)

Altars:

Shops:
D:1 :


Innate Abilities, Weirdness & Mutations

You sometimes gain a little power by taking damage.
You have an unusually large brain. (Int +2)
You have a small tail.


Message History

The endoplasm is lightly wounded.
The phantom hits you but does no damage.
The endoplasm freezes you.
You are frozen.
* * * LOW HITPOINT WARNING * * *
The kobold throws a stone.
The stone hits you.
* * * LOW HITPOINT WARNING * * *
The phantom closely misses you. You block the endoplasm's attack.
You slash the endoplasm!
You kill the endoplasm!
The phantom hits you but does no damage.
The kobold throws a stone.
You block the stone.
You have reached level 3!
Your experience leads to an increase in your attributes!
Increase (S)trength, (I)ntelligence, or (D)exterity?
You feel stronger. x2; Your demonic ancestry asserts itself...
You feel energised by your suffering.
The kobold hits you with a +0 short sword.
* * * LOW HITPOINT WARNING * * *
You slash the kobold!
You kill the kobold!
You block the phantom's attack.
Things that are here:
a +0 short sword; 5 stones You slash the phantom!
You destroy the phantom!
You have reached level 4!
You feel clever.
Your demonic ancestry asserts itself...
You grow a small tail.
(D) Dungeon
Where to? (Enter - D:2, ? - help)
There is a stone staircase leading down here.
There is a stone staircase leading up here.
You climb upwards.
There is a stone staircase leading down here.
There is a fountain of clear blue water here.
There is an open door here.
There is a staircase leading out of the dungeon here.
Are you sure you want to leave the Dungeon?
This will make you lose the game!
You have escaped!

#.#....#'###
##.#.⌠....#.#
##......#..#.#
#.....####.'.#
#.......#..#.#
#.#.#.⌠....#.#
#.#.#....#'###
#.#.###..#...#
#.#......#..@#
#.############
#.......#
#.......#
#.......#
##.......#
#........#
####........#
#...>.......#


There were no monsters in sight!

Vanquished Creatures
  A phantom (D:2)
  2 dart slugs (D:1)
  2 bats
  3 endoplasms
  A giant cockroach (D:1)
  2 goblins (D:1)
  3 hobgoblins
  A quokka (D:1)
  2 ball pythons (D:1)
  4 frilled lizards (D:1)
  2 kobolds
  3 rats
26 creatures vanquished.

Notes
Turn   | Place    | Note
-------+----------+-------------------------------------------
     0 | D:1      | BritishOli the Demonspawn Fighter began the quest for the
                  | Orb.
     0 | D:1      | Reached XP level 1. HP: 18/18 MP: 1/1
   263 | D:1      | Found Ripsets's Book Emporium.
   284 | D:1      | Gained mutation: You have an unusually large brain. (Int
                  | +2) [demonic ancestry]
   284 | D:1      | Reached XP level 2. HP: 23/24 MP: 2/2
  1235 | D:2      | Found a faded altar of an unknown god.
  1235 | D:2      | Noticed a phantom
  1253 | D:2      | Gained mutation: You sometimes gain a little power by
                  | taking damage. [demonic ancestry]
  1253 | D:2      | Reached XP level 3. HP: 7/29 MP: 3/3
  1256 | D:2      | Killed a phantom
  1257 | D:2      | Gained mutation: You have a small tail. [demonic ancestry]
  1257 | D:2      | Reached XP level 4. HP: 6/37 MP: 4/4
  1389 | D:$      | Got out of the dungeon alive.

Illustrated notes

Levels and vault maps discovered:
D:1:      dpeg_arrival_court, layout_rooms, serial_shops, nicolae_shop_stone
D:2:      layout_rooms, hellmonk_ecumenical_altar_arch_garden

Skill      XL: |  1  2 |
---------------+-------+-----
Long Blades    | 2 |  2.6
Armour         | 3 |  3.3
Shields        | 3 |  3.3
Fighting       | |  3.7

Action                   |  1- 3 |  4- 6 || total
-------------------------+-------+-------++-------
Melee: Long sword        |    86 |       ||    86
Armor: Scale mail        |    60 |       ||    60
Dodge: Dodged            |    29 |       ||    29
Block: Buckler           |    19 |       ||    19

Table legend: (Time is in decaauts)
 A = Elapsed time spent in this place.
 B = Non-inter-level travel time spent in this place.
 C = Inter-level travel time spent in this place.
 D = Time resting spent in this place.
 E = Time spent auto-exploring this place.
 F = Levels seen in this place.
 G = Mean time per level.
                   A        B        C        D        E       F      G
               +--------+--------+--------+--------+--------+-----+--------+
         Total |   1417 |   1247 |    170 |      0 |   1016 |   2 |  708.5 |
       Dungeon |   1417 |   1247 |    170 |      0 |   1016 |   2 |  708.5 |
               +--------+--------+--------+--------+--------+-----+--------+

Top non-repeatable levels by time:
     D:1: 1024 daAuts
     D:2: 393 daAuts
